AoeStats
← Křovák

QS Arena

503184574Analyzed
1v1 RM · 1mo ago on Aug 30, 2026· 37m 59s· 2 players
Game mode
Random Map
Map size
Tiny (2 player)
Population
200
Speed
Normal
Resources
Standard
Victory
Conquest
Starting age
Dark Age
Ending age
Imperial Age
RankedLock teamsTeams togetherTeam positionsShared explorationLock speedFull tech treeHidden civsTurbo modeCheats
Victory
Defeat
🇲🇽 Japanese · Mexico
938
+15
🇨🇿 Turks · Czechia
917
-15
Křovák
6:06 Loom
9:20 Feudal Age
13:09 Castle Age
10:57 Double-Bit Axe
12:56 Horse Collar
19:28 Heavy Plow
22:29 Fletching
32:01 Imperial Age
31:07 Murder Holes
31:16 Stone Mining
34:12 Bodkin Arrow
payaso_delicia
8:19 Feudal Age
8:59 Double-Bit Axe
14:24 Castle Age
12:36 Fletching
12:32 Horse Collar
16:43 Heavy Plow
16:56 Bow Saw
24:41 Scale Mail Armor
24:52 Forging
29:38 Imperial Age
31:29 Chain Mail Armor
31:10 Bodkin Arrow
31:51 Iron Casting
31:28 Onager
Connection lost

Rejoining the realm…

Still unreachable

The connection could not be restored.

Session expired

The server has moved on; the page needs a fresh start.